 Dungeon Crawl Stone Soup version 0.25-a0-479-g8579842fd4 (webtiles) character file.

Game seed: 14261462098204751683, levelgen mode: deterministic

1219 HawFromDerth the Chopper (level 8, 0/70 HPs)
             Began as a Hill Orc Berserker on Feb 9, 2020.
             Was a Priest of Trog.
             Slain by a bullfrog (2 damage)
             ... on level 6 of the Dungeon.
             The game lasted 00:23:00 (6470 turns).

HawFromDerth the Chopper (Hill Orc Berserker)       Turns: 6470, Time: 00:23:00

Health: 0/70       AC:  0    Str: 22    XL:     8   Next: 47%
Magic:  8/8        EV:  9    Int:  7    God:    Trog [***...]
Gold:   309        SH:  0    Dex: 10    Spells: 7/7 levels left

rFire    . . .     SeeInvis .   o - +1 flail (venom)
rCold    . . .     Gourm    .   (no shield)
rNeg     . . .     Faith    .   b - +0 chain mail
rPois    .         Spirit   .   (no helmet)
rElec    .         Reflect  .   (no cloak)
rCorr    .         Harm     +   r - +0 pair of gloves
MR       +....                  (no boots)
Stlth    ..........             i - amulet of harm
HPRegen  0.21/turn              m - ring of protection from magic
MPRegen  0.11/turn              (no ring)

@: corroded, berserk cooldown, slowed, very slow
A: no striking features
a: Berserk, Trog's Hand, Renounce Religion


You were on level 6 of the Dungeon.
You worshipped Trog.
Trog was most pleased with you.
You were not hungry.

You visited 2 branches of the dungeon, and saw 7 of its levels.

You collected 309 gold pieces.

Inventory:

Hand Weapons
 a - a +1 hand axe
 f - a +0 glaive
 g - a +0 hand axe of pain
 o - a +1 flail of venom (weapon)
Armour
 b - a +0 chain mail (worn)
 k - a +1 ring mail
 r - a +0 pair of gloves (worn)
Jewellery
 i - an amulet of harm (around neck)
 m - a ring of protection from magic (left hand)
Wands
 j - a wand of digging (3)
 q - a wand of clouds (7)
Scrolls
 l - a scroll of enchant weapon
 t - a scroll of teleportation
 u - 3 scrolls of magic mapping
Potions
 d - a potion of brilliance
 h - a potion of agility {unknown}
 p - a potion of ambrosia {unknown}
Comestibles
 c - 12 rations


   Skills:
 + Level 6.0 Fighting
 + Level 7.1(8.3) Axes
 + Level 4.7(6.1) Maces & Flails
 + Level 2.1(4.3) Polearms
 + Level 5.5 Armour
 + Level 3.0 Dodging
 + Level 0.6 Stealth


You had 7 spell levels left.
You didn't know any spells.
Your spell library was empty.

Dungeon Overview and Level Annotations

Branches:
Dungeon (6/15)             Temple (1/1) D:5

Altars:
Ashenzari
Cheibriados
Dithmenos
Elyvilon
Fedhas
Gozag
Kikubaaqudgha
Makhleb
Nemelex Xobeh
Qazlal
Ru
Sif Muna
Uskayaw
Vehumet
Wu Jian
Xom
Yredelemnul
Zin
The Shining One


Message History

Trog accepts your kill.
The bullfrog hits you. x2; The crimson imp hits you.
* * * LOW HITPOINT WARNING * * *
You hit the bullfrog.
The bullfrog is poisoned.
The bullfrog is lightly wounded.
The bullfrog hits you!
* * * LOW HITPOINT WARNING * * *
The bullfrog barely misses you. The crimson imp hits you.
* * * LOW HITPOINT WARNING * * *
The bullfrog barely misses you.
The crimson imp shouts, "Slither home, thou skyhacking fool-born guttersnipe!"
The crimson imp closely misses you.
You completely miss the crimson imp. The bullfrog hits you.
* * * LOW HITPOINT WARNING * * *
The crimson imp hits you.
* * * LOW HITPOINT WARNING * * *
The bullfrog hits you.
* * * LOW HITPOINT WARNING * * *
The bullfrog hits you.
You die...

..........# #.# #########.# #.# #
#.# #.## ########### # #.# #..#
#...?...... ### #.#
##.########.#.....#)# ..## #.#
#................... ...# #.#
####5†...........#
#..######.#######F#####.#........
................@.# #.#.#......
#..########.######## #.#.#......
#..# #........# #.... .....
#..########..#####.# ###.# .....
......>..##### ### ### #.##
...#####.### .# #### #...# #...##
#....#♣♣♣


You could see a bullfrog and a crimson imp.

Vanquished Creatures
  Grinder (D:4)
  Eustachio (D:4)
  A sky beast (D:6)
  2 ogres (D:4)
  A necrophage (D:5)
  A scorpion (D:6)
  A crimson imp (D:5)
  2 jellies
  2 hounds
  An orc priest (D:5)
  An orc wizard (D:4)
  A worker ant (D:4)
  A killer bee zombie (D:6)
  10 adders
  An ooze (D:1)
  7 worms
  3 dart slugs
  7 leopard geckos
  8 orcs
  5 giant cockroaches
  4 goblins
  7 hobgoblins
  6 jackals
  3 quokkas
  10 bats
  6 frilled lizards
  9 kobolds
  A leopard gecko skeleton (D:4)
  A quokka skeleton (D:6)
  10 rats
114 creatures vanquished.

Notes
Turn   | Place    | Note
-------+----------+-------------------------------------------
     0 | D:1      | HawFromDerth the Hill Orc Berserker began the quest for the
                  | Orb.
     0 | D:1      | Reached XP level 1. HP: 19/19 MP: 1/1
   166 | D:1      | Reached XP level 2. HP: 25/27 MP: 2/2
   774 | D:1      | Reached XP level 3. HP: 20/33 MP: 3/3
  1076 | D:1      | Reached skill level 5 in Axes
  1372 | D:2      | Reached ** piety under Trog
  1372 | D:2      | Reached XP level 4. HP: 26/40 MP: 4/4
  2300 | D:3      | Reached skill level 6 in Axes
  2621 | D:3      | Reached XP level 5. HP: 39/47 MP: 5/5
  3847 | D:4      | Noticed an ogre
  3913 | D:4      | Killed an ogre
  3913 | D:4      | Reached skill level 1 in Polearms
  3913 | D:4      | Reached XP level 6. HP: 55/55 MP: 6/6
  3919 | D:4      | Reached *** piety under Trog
  3995 | D:4      | Noticed Grinder
  3995 | D:4      | Noticed Eustachio
  3997 | D:4      | Paralysed by Grinder for 2 turns
  4027 | D:4      | Paralysed by Grinder for 5 turns
  4332 | D:4      | Reached skill level 5 in Fighting
  4619 | D:4      | Killed Eustachio
  4619 | D:4      | Reached skill level 1 in Maces & Flails
  4619 | D:4      | Reached XP level 7. HP: 18/61 MP: 7/7
  5012 | D:4      | Killed Grinder
  5012 | D:4      | Reached skill level 7 in Axes
  5119 | D:5      | Entered Level 5 of the Dungeon
  5222 | D:5      | Reached skill level 5 in Armour
  5233 | D:5      | Found a snail-covered altar of Cheibriados.
  5396 | D:5      | Reached XP level 8. HP: 69/69 MP: 8/8
  5534 | D:5      | Found a staircase to the Ecumenical Temple.
  5795 | Temple   | Entered the Ecumenical Temple
  5992 | D:6      | Found an opulent altar of Gozag.
  6469 | D:6      | HP: 3/70 [bullfrog (7)]
  6469 | D:6      | HP: 1/70 [bullfrog (1)]
  6470 | D:6      | Slain by a bullfrog

Levels and vault maps discovered:
D:1:      shiori_arrival_maze, layout_basic, minmay_misc_feat_four_crosses,
          minmay_misc_feat_nine_boxes, minmay_pentomino_v4
D:2:      layout_loops_cross
D:3:      layout_loops_ring, serial_co_window_serial, co_window_corner_a,
          co_window_paths_b, co_window_corner_a, co_window_cross_1,
          co_window_paths_a, co_window_unsneaky_path_e,
          co_window_of_opportunity_b, co_window_unsneaky_path_c,
          co_window_of_opportunity_b, co_window_corner_b, co_window_2corner,
          glass_columns_b, glass_columns_a, glass_columns_c,
          minmay_randomly_rotated_circles
D:4:      layout_basic, first_ration, uniq_grinder, uniq_eustachio
D:5:      layout_loops_cross, minmay_temple_entry_poolview,
          cheibrodos_worm_habitat
D:6:      layout_loops_ring, nicolae_gozag_seed_capital, minmay_misc_feat_alley,
          uniq_crazy_yiuf_cottage, uniq_edmund
Temple:   hc_temple_tempest_star

Skill      XL: |  1  2  3  4  5  6  7  8 |
---------------+-------------------------+-----
Fighting       | 4 5 6 |  6.0
Axes           | 5 6 7 |  7.1
Dodging        | 2 3 |  3.0
Polearms       | 1 2 |  2.1
Armour         | 3 4 5 |  5.5
Maces & Flails | 1 3 4 |  4.7
Stealth        | |  0.6

Action                   |  1- 3 |  4- 6 |  7- 9 || total
-------------------------+-------+-------+-------++-------
Melee: Hand axe          |   105 |   163 |       ||   268
       Glaive            |       |    47 |       ||    47
       Flail             |       |    29 |   109 ||   138
Invok: Berserk           |     2 |     4 |     1 ||     7
  Use: Scroll            |     2 |     9 |     1 ||    12
       Potion            |       |     5 |     2 ||     7
 Stab: Sleeping          |     1 |       |       ||     1
  Eat: Chunk             |     2 |     7 |     2 ||    11
       Ration            |       |     2 |     2 ||     4
Armor: Animal skin       |    18 |       |       ||    18
       Ring mail         |       |   114 |       ||   114
       Chain mail        |       |       |    48 ||    48
Dodge: Dodged            |    72 |   165 |    62 ||   299

Table legend:
 A = Non-vault XP
 B = Vault XP
 C = Vault XP percentage of total XP
 D = Non-vault monster count
 E = Vault monster count
 F = Vault count percentage of total count
                 A         B        C        D         E       F
            +---------+---------+-------+---------+---------+-------
      Total |    1234 |     508 |  29.2 |     100 |      14 |  12.3
            +---------+---------+-------+---------+---------+-------
        D:1 |      42 |      12 |  22.2 |      22 |       5 |  18.5
        D:2 |      92 |       0 |   0.0 |      26 |       0 |   0.0
        D:3 |      75 |      11 |  12.8 |      16 |       6 |  27.3
        D:4 |     364 |     480 |  56.9 |      14 |       2 |  12.5
        D:5 |     322 |       5 |   1.5 |      14 |       1 |   6.7
        D:6 |     339 |       0 |   0.0 |       8 |       0 |   0.0
            +---------+---------+-------+---------+---------+-------
